 Dungeon Crawl Stone Soup version 0.22-a0-469-gf26638a71f (webtiles) character file.

252 Kriby the Skirmisher (level 6, 0/48 HPs)
             Began as a Human Abyssal Knight on June 13, 2018.
             Was a Believer of Lugonu.
             Succumbed to Kriby's ghost's poison
             ... on level 2 of the Dungeon.
             The game lasted 00:05:42 (3850 turns).

Kriby the Skirmisher (Human Abyssal Knight)         Turns: 3850, Time: 00:05:43

Health: 0/48       AC:  8    Str: 12 (14) XL:     6   Next: 36%
Magic:  8/8        EV: 11    Int: 10 (13) God:    Lugonu [**....]
Gold:   179        SH:  0    Dex: 13 (15) Spells: 5/5 levels left

rFire    . . .     SeeInvis .   x - +1 dagger (venom)
rCold    . . .     Gourm    .   (no shield)
rNeg     . . .     Faith    .   r - +0 ring mail
rPois    .         Spirit   .   m - +0 helmet
rElec    .         Reflect  .   (no cloak)
rCorr    .         Harm     .   (no gloves)
MR       .....                  g - +1 pair of boots
Stlth    +.........             (no amulet)
HPRegen  0.16/turn              k - +3 ring of dexterity
MPRegen  0.11/turn              (no ring)

@: lethally poisoned (0 -> -1), vulnerable, very slightly contaminated
A: no striking features
a: Depart the Abyss, Bend Space, Renounce Religion


You were on level 2 of the Dungeon.
You worshipped Lugonu.
Lugonu was pleased with you.
You were not hungry.

You visited 1 branch of the dungeon, and saw 3 of its levels.
You visited the Abyss 1 time.

You collected 179 gold pieces.

Inventory:

Hand Weapons
 a - a +1 hand axe
 n - a +1 spear of piercing
 x - a +1 dagger of venom (weapon)
Missiles
 y - 2 javelins (quivered)
Armour
 b - a +0 leather armour
 g - a +1 pair of boots (worn)
 m - a +0 helmet (worn)
 r - a +0 ring mail (worn)
Jewellery
 k - a +3 ring of dexterity (left hand)
Scrolls
 h - 3 scrolls of teleportation {@r3}
 i - a scroll of immolation
 u - 4 scrolls of enchant weapon {unknown}
Comestibles
 c - 5 rations {@e1}


   Skills:
 + Level 3.8 Fighting
 * Level 3.8 Axes
 + Level 3.0 Armour
 + Level 2.5 Dodging
 + Level 3.2 Invocations


You had 5 spell levels left.
You didn't know any spells.
Your spell library contained the following spells:

 Spells                   Type           Power        Failure   Level  Hunger
 Bolt of Cold             Conj/Ice       #.........   100%        6    #######
 Freezing Cloud           Conj/Ice/Air   #.........   100%        6    #######
 Ozocubu's Refrigeration  Ice            #.........   100%        6    #######
 Ice Form                 Ice/Tmut       #.......     100%        4    #####..
 Metabolic Englaciation   Hex/Ice        #.........   100%        5    ######.
 Simulacrum               Ice/Necr       #.........   100%        6    #######


Dungeon Overview and Level Annotations

Branches:
Dungeon (3/15)

Altars:
Dithmenos
Hepliaklqana

Annotations:
D:3 Kriby's ghost, novice HuAK


Message History

As you read the scroll labeled QAZXAX RAOX, it crumbles to dust.
It was a scroll of blinking.
As you read the scroll labeled KUNUCV AFUTILY, it crumbles to dust.
The scroll dissolves into smoke.
It was a scroll of fog.
As you read the scroll labeled FIDDACSUPT, it crumbles to dust.
You feel blessed for a moment.
It was a scroll of remove curse.
* * * LOW HITPOINT WARNING * * *
You feel sick.
As you read the scroll labeled TESHEJ BEAGIM, it crumbles to dust.
It is a scroll of amnesia.
You feel forgetful for a moment.
As you read the scroll labeled MEICACVETU, it crumbles to dust.
You feel momentarily disoriented.
It was a scroll of magic mapping.
As you read the scroll labeled ZYSE VATHUI, it crumbles to dust.
It is a scroll of identify.
h - 3 scrolls of teleportation
As you read the scroll labeled CAR APOFITU, it crumbles to dust.
The air around you briefly surges with heat, but it dissipates.
It was a scroll of immolation.
You die...

###### ####### #....#
##### #.....# #....#
#####...###.###.#
#....####.....#.#....##.#
#....#........#....#....#
##....#.......§§§§§.#.####
..............§§§§§.#.#
##....#....###.#@§§.#.#
#######.......§§§§§##.#
..........####§#§§§.#.#
######....####.######.#
............##.#......#
######.###.....#.######
#.......#.#.#.# ##
#.......#.....#
.###.......##)#..#


There were no monsters in sight!

Vanquished Creatures
  A bullfrog (D:2)
  An orc priest (D:3)
  8 adders
  An adder skeleton (D:3)
  4 worms
  A dart slug (D:3)
  6 leopard geckos
  5 orcs (D:3)
  A giant cockroach (D:3)
  8 hobgoblins
  2 jackals (D:1)
  A quokka (D:3)
  6 bats
  3 frilled lizards
  4 goblins (D:2)
  12 kobolds
  4 rats
68 creatures vanquished.

Notes
Turn   | Place    | Note
-------+----------+-------------------------------------------
     0 | Abyss:1  | Kriby the Human Abyssal Knight began the quest for the Orb.
     0 | Abyss:1  | Reached XP level 1. HP: 18/18 MP: 2/2
    41 | Abyss:1  | Noticed a small abomination
    58 | Abyss:1  | Noticed a large abomination
    70 | Abyss:2  | Found a corrupted altar of Lugonu.
   103 | Abyss:2  | Noticed a ynoxinul
   104 | Abyss:2  | Noticed a five-headed hydra skeleton
   105 | Abyss:2  | Found an ornate altar of the Wu Jian Council.
   120 | D:1      | Escaped the Abyss
   481 | D:1      | Reached * piety under Lugonu
   808 | D:1      | Reached XP level 2. HP: 18/24 MP: 3/3
  1781 | D:2      | Reached XP level 3. HP: 29/29 MP: 4/4
  2048 | D:2      | Reached XP level 4. HP: 34/35 MP: 5/5
  2515 | D:2      | Reached XP level 5. HP: 37/41 MP: 7/7
  2758 | D:3      | Noticed a bullfrog
  2766 | D:2      | Killed a bullfrog
  2832 | D:3      | Reached ** piety under Lugonu
  2847 | D:3      | Reached XP level 6. HP: 20/48 MP: 8/8
  3462 | D:3      | Found a hazy altar of Hepliaklqana.
  3559 | D:3      | Found a shadowy altar of Dithmenos.
  3731 | D:3      | Noticed Kriby's ghost (novice HuAK)
  3836 | D:3      | HP: 2/48 [poisoned by Kriby's ghost]
  3842 | D:2      | HP: 1/48 [poisoned by Kriby's ghost]
  3850 | D:2      | Succumbed to Kriby's ghost's poison

Vault maps used:
D:1:      nzn_arrival_settlement, wad_floor_pattern_2
D:2:      nrook_loot_triangle, dk_noncrumbling_4
D:3:      nicolae_overflow_crystal_walls, grunt_dithmenos_smoke_and_mirrors
Abyss:1:  hangedman_abyss_or_decor_slice

Skill      XL: |  1  2  3  4  5  6 |
---------------+-------------------+-----
Axes           | 3 |  3.8
Dodging        | 2 |  2.5
Invocations    | 3 |  3.2
Armour         | 3 |  3.0
Fighting       | |  3.8

Action                   |  1- 3 |  4- 6 || total
-------------------------+-------+-------++-------
Melee: Hand axe          |    47 |       ||    47
       Spear             |    40 |    60 ||   100
       Dagger            |       |   109 ||   109
Invok: Depart the Abyss  |     1 |       ||     1
       Bend Space        |       |     1 ||     1
  Use: Potion            |     1 |     8 ||     9
       Scroll            |       |    10 ||    10
 Stab: Invisible         |       |     2 ||     2
  Eat: Ration            |     1 |       ||     1
       Chunk             |       |     6 ||     6
Armor: Leather armour    |    17 |     3 ||    20
       Ring mail         |       |    49 ||    49
       Skin              |       |     9 ||     9
Dodge: Dodged            |    48 |    94 ||   142

Table legend:
 A = Spawn XP
 B = Non-spawn XP
 C = Spawn XP percentage of total XP
 D = Spawn monster count
 E = Non-spawn monster count
 F = Spawn count percentage of total count
 G = Total turns spent on level
                    A         B        C        D         E        F      G
               +---------+---------+-------+---------+---------+-------+---------
         Total |       0 |     361 |   0.0 |       0 |      68 |   0.0 |  3850
               +---------+---------+-------+---------+---------+-------+---------
           D:1 |       0 |      22 |   0.0 |       0 |      15 |   0.0 |  1772
           D:2 |       0 |     219 |   0.0 |       0 |      29 |   0.0 |  1402
           D:3 |       0 |     120 |   0.0 |       0 |      24 |   0.0 |   556
               +---------+---------+-------+---------+---------+-------+---------
